 Dungeon Crawl Stone Soup version 0.29.0-13-gc9e81de378 (webtiles) character file.

Game seed: 15749463092741624550

234 concernfroge the Trooper (level 5, -1/47 HPs)
             Began as a Mummy Monk on Sept 10, 2022.
             Was a Believer of Okawaru.
             Slain by an iguana (11 damage)
             ... on level 5 of the Dungeon.
             The game lasted 00:09:55 (4032 turns).

concernfroge the Trooper (Mummy Monk)               Turns: 4032, Time: 00:09:55

Health: -1/47      AC: 12    Str: 16    XL:     5   Next: 75%
Magic:  5/5        EV: 10    Int: 10    God:    Okawaru [**....]
Gold:   256        SH:  0    Dex: 14    Spells: 4/4 levels left

rFire   x . .      SeeInvis +   s - +2 sling (flame)
rCold   + . .      Faith    .   (no shield)
rNeg    + + +      Spirit   .   u - +0 scale mail
rPois   ∞          Reflect  .   e - +0 helmet
rElec   .          Harm     .   (no cloak)
rCorr   .          Rampage  .   k - +0 pair of gloves
Will    .....                   (no boots)
Stlth   ..........              (no amulet)
HPRegen 0.15/turn               f - ring of see invisible
MPRegen 0.09/turn               h - +4 ring of protection

@: no status effects
A: cold resistance 1, negative energy resistance 3, torment resistance 2, heat
vulnerability 1, in touch with death 1, no potions
a: Renounce Religion, Heroism


You were on level 5 of the Dungeon.
You worshipped Okawaru.
Okawaru was pleased with you.
You visited 2 branches of the dungeon, and saw 6 of its levels.

You collected 256 gold pieces.

Inventory:

Hand Weapons
 a - a +0 war axe
 b - a +4 short sword
 s - a +2 sling of flaming (weapon)
Missiles
 c - 5 poisoned darts
Armour
 e - a +0 helmet (worn)
 k - a +0 pair of gloves (worn)
 u - a +0 scale mail (worn)
Jewellery
 f - a ring of see invisible (left hand)
 h - a +4 ring of protection (right hand)
Scrolls
 d - a scroll of noise
 g - a scroll of teleportation
 j - a scroll of silence
 l - a scroll of fog
 n - 4 scrolls of amnesia
 o - 2 scrolls of vulnerability {unknown}
 p - a scroll of summoning {unknown}
 q - a scroll of poison {unknown}
 t - a scroll of torment {unknown}
Miscellaneous
 r - a piece from Xom's chessboard (11/15)


   Skills:
 + Level 6.4 Fighting
 - Level 2.4 Polearms
 - Level 2.4 Dodging
 - Level 1.5 Stealth
 + Level 1.0 Invocations


You had 4 spell levels left.
You didn't know any spells.
Your spell library contained the following spells:

 Spells                   Type           Power      Damage    Failure   Level
 Ensorcelled Hibernation  Hex/Ice        0%         N/A       91%         2
 Anguish                  Hex/Necr       0%         N/A       100%        4
 Spider Form              Tmut/Pois      Unusable   N/A       N/A         3

Dungeon Overview and Level Annotations

Branches:
Dungeon (5/15)             Temple (1/1) D:5

Altars:
Dithmenos
Hepliaklqana
Kikubaaqudgha
Makhleb
Nemelex Xobeh
Okawaru
Ru
Sif Muna
Uskayaw
Vehumet
Wu Jian
Xom

Shops:
D:2 :


Innate Abilities, Weirdness & Mutations

You are immune to poison.
Your flesh is cold resistant. (rC+)
You are immune to negative energy. (rN+++)
You are immune to unholy pain and torment.
You are vulnerable to heat. (rF-)
You are in touch with the powers of death.
You do not drink.


Message History

You shoot a sling bullet. The sling bullet hits the iguana.
The sling bullet burns the iguana.
The iguana is severely wounded.
The iguana closely misses you.
You shoot a sling bullet.
The sling bullet closely misses the iguana.
The iguana closely misses you. The iguana bites you.
You shoot a sling bullet.
The sling bullet closely misses the iguana.
The iguana completely misses you.
You shoot a sling bullet.
The sling bullet closely misses the iguana.
The iguana bites you but does no damage.
The iguana bites you.
You shoot a sling bullet.
The sling bullet hits the iguana but does no damage.
The iguana is severely wounded.
The iguana bites you but does no damage.
The iguana bites you!
You shoot a sling bullet.
The sling bullet closely misses the iguana.
The iguana bites you!
Fire: s) +2 sling (flame)
Press: ? - help, Q - select action, (/) - cycle Shift-Dir - straight line, f/p - iguana
Aim: an iguana (severely wounded, 65% to hit)
You shoot a sling bullet.
The sling bullet barely misses the iguana.
The iguana closely misses you. The iguana bites you.
* * * LOW HITPOINT WARNING * * *
You make a move on Xom's chessboard...
The iguana is outlined in light.
The iguana misses you.
You make a move on Xom's chessboard...
The iguana resists with significant effort.
The iguana bites you.
* * * LOW HITPOINT WARNING * * *
You make a move on Xom's chessboard...
The iguana seems to grow stronger.
The iguana barely misses you.
You make a move on Xom's chessboard...
Nothing appears to happen.
The iguana bites you!
You die...

#.......## #.#.##
##l..§...###.#.##
#.§§..#..##...## #.§...##....####
#.............##
###.............## ###
#.....÷........... ##.###
#l####..........## ##....#
#@####.>........# #####...#.##
#...............# .......#...##
#...............# .......#....##
#..#####........# ......##.[<..#
#..#$[?#..#.##### .....##......#
#..#!?$#..#.#
....##.......###..#[?[#..#.#
...##.............#####..#.######
..##.....................#.#.....


You could see an iguana (strong, corona).

Vanquished Creatures
  2 hounds (D:5)
  An iguana (D:4)
  Robin (D:3)
  5 adders
  A worm (D:2)
  4 dart slugs
  An orc (D:5)
  2 ball pythons
  7 bats
  6 endoplasms
  A giant cockroach (D:1)
  10 hobgoblins
  2 jackals (D:2)
  6 quokkas
  3 frilled lizards
  14 goblins
  5 kobolds
  7 rats
  A butterfly (D:3)
79 creatures vanquished.

Notes
Turn   | Place    | Note
-------+----------+-------------------------------------------
     0 | D:1      | concernfroge the Mummy Monk began the quest for the Orb.
     0 | D:1      | Reached XP level 1. HP: 18/18 MP: 1/1
   138 | D:1      | Found a faded altar of an unknown god.
   304 | D:1      | Reached XP level 2. HP: 24/24 MP: 2/2
   450 | D:1      | Reached skill level 4 in Fighting
  1085 | D:2      | Gained mutation: You are in touch with the powers of death.
                  | [Mummy growth]
  1085 | D:2      | Reached XP level 3. HP: 30/30 MP: 3/3
  1535 | D:2      | Found Fausurih's Book Shoppe.
  2043 | D:3      | Reached XP level 4. HP: 35/38 MP: 4/4
  2200 | D:3      | Reached skill level 5 in Fighting
  2215 | D:3      | Noticed Robin
  2532 | D:3      | Found a shimmering altar of Xom.
  2760 | D:3      | Killed Robin
  2930 | D:4      | Found a radiant altar of Vehumet.
  2941 | D:4      | Reached XP level 5. HP: 25/46 MP: 5/5
  3114 | D:4      | Found an ornate altar of the Wu Jian Council.
  3346 | D:5      | Entered Level 5 of the Dungeon
  3363 | D:5      | Reached skill level 6 in Fighting
  3552 | D:5      | Found a staircase to the Ecumenical Temple.
  3578 | Temple   | Entered the Ecumenical Temple
  3756 | Temple   | Became a worshipper of Warmaster Okawaru
  3756 | Temple   | Reached * piety under Okawaru
  3756 | Temple   | Reached ** piety under Okawaru
  3835 | D:5      | Found a sacrificial altar of Ru.
  4020 | D:5      | Reached skill level 1 in Invocations
  4032 | D:5      | Slain by an iguana

Illustrated notes

Levels and vault maps discovered:
D:1:      amcnicky_arrival_flooded_fountain, layout_loops_ring,
          dreamdust_ecumenical_altar_grove
D:2:      layout_loops_ring, serial_shops, shop, kennysheep_small_spiral,
          grunt_ministairs_5
D:3:      layout_loops_ring, xom_butterflies, uniq_robin
D:4:      layout_gridville, lemuel_round_altar, mainiacjoe_overflow_alcove_2,
          mainiacjoe_overflow_24_doors, minmay_misc_feat_x, grunt_ministairs_2
D:5:      layout_rooms, nicolae_ru_path_of_blood,
          nicolae_qazlal_eye_of_the_storm, minmay_temple_entry_purple_smoke,
          minmay_fountain_box, nrook_mini_backslash, due_unseen_surprise
Temple:   nicolae_temple_ecumenical_triangle

Skill      XL: |  1  2  3  4  5 |
---------------+----------------+-----
Fighting       | 4 5 6 |  6.4
Invocations    | 1 |  1.0
Polearms       | |  2.4
Dodging        | |  2.4
Stealth        | |  1.5

Action                   |  1- 3 |  4- 6 || total
-------------------------+-------+-------++-------
Melee: Spear             |    33 |       ||    33
       War axe           |    74 |    66 ||   140
       Punch             |     2 |       ||     2
       Sling             |       |     1 ||     1
 Fire: Sling             |       |    67 ||    67
Throw: Dart              |       |     4 ||     4
Evoke: Piece from Xom's  |       |     5 ||     5
  Use: Scroll            |       |     6 ||     6
 Stab: Sleeping          |     5 |       ||     5
       Paralysed         |       |     1 ||     1
Armor: Leather armour    |     4 |       ||     4
       Robe              |     1 |       ||     1
       Chain mail        |    51 |   105 ||   156
       Scale mail        |       |    11 ||    11
Dodge: Dodged            |    42 |    73 ||   115
